AA
ROCKFORD PLAYBOYS @ EAGLE RIVER FAT BOYS
06/04/2060
 
TOP OF THE 1ST
Rockford Playboys batting - Pitching for Eagle River Fat Boys : RHP Greg Suplee
Pitching: RHP Greg Suplee
Batting: SHB Dominick Edison 0-0: SINGLE (Line Drive, 8LS, EV 93.8 MPH)
Batting: RHB Kennedy Mejia 0-0: SINGLE (Line Drive, 8LS, EV 90.0 MPH)
Dominick Edison to second
Pitching: LHP Wes Boyle
Batting: RHB Carter Carbon 0-0: Swinging Strike
0-1: Ball
1-1: Fly out, F9 (Line Drive, 9, EV 91.2 MPH)
Batting: LHB Skylar Reid 0-0: Fly out, F5 (Popup, 5F, EV 79.4 MPH)
Batting: LHB Billy Cowger 0-0: Called Strike
0-1: Swinging Strike
0-2: Foul Ball, location: 2F
0-2: Fly out, F8 (Flyball, 78M, EV 87.5 MPH)
Top of the 1st over - 0 runs, 2 hits, 0 errors, 2 left on base; Rockford 0 - Eagle River 0
BOTTOM OF THE 1ST
Eagle River Fat Boys batting - Pitching for Rockford Playboys : LHP Jarmal Murtadhy
Pitching: LHP Jarmal Murtadhy
Batting: RHB Cody Cox 0-0: Foul Ball, location: 2F
0-1: Foul Ball, location: 2F
0-2: Foul Ball, location: 2F
0-2: Ball
1-2: Ball
2-2: Foul Ball, location: 2F
2-2: Ball
3-2: Strikes out looking
Batting: RHB J.T. Villagran 0-0: SINGLE (Groundball, 6M, EV 96.9 MPH) (infield hit)
Batting: SHB Stanford Morris 0-0: Ball
1-0: Called Strike
1-1: Ball
2-1: Foul Ball, location: 2F
2-2: Grounds into double play, 5-4-3 (Groundball, 56, EV 97.5 MPH)
Bottom of the 1st over - 0 runs, 1 hit, 0 errors, 0 left on base; Rockford 0 - Eagle River 0
TOP OF THE 2ND
Rockford Playboys batting - Pitching for Eagle River Fat Boys : LHP Wes Boyle
Batting: LHB Dimitri Mallard 0-0: Foul Ball, location: 2F
0-1: Ball
1-1: SINGLE (Line Drive, 3L, EV 97.5 MPH)
Batting: SHB Donavan Bonner 0-0: Called Strike
0-1: Called Strike
0-2: Ball
1-2: Ball
2-2: Fielders Choice at 2nd, 1-6 (Groundball, 13, EV 68.1 MPH)
Batting: RHB Edward Cain 0-0: Called Strike
0-1: Swinging Strike
0-2: Strikes out swinging
Batting: RHB Lavan Lehtera 0-0: Swinging Strike
0-1: Ball
Donavan Bonner is caught stealing 2nd base 2-4
Top of the 2nd over - 0 runs, 1 hit, 0 errors, 0 left on base; Rockford 0 - Eagle River 0
BOTTOM OF THE 2ND
Eagle River Fat Boys batting - Pitching for Rockford Playboys : LHP Jarmal Murtadhy
Batting: RHB Theo Sposato 0-0: Foul Ball, location: 2F
0-1: Ball
1-1: Foul Ball, location: 2F
1-2: Foul Ball, location: 2F
1-2: Fly out, F8 (Flyball, 8LM, EV 91.9 MPH)
Batting: SHB James Van Doorne 0-0: Called Strike
0-1: Ball
1-1: Foul Ball, location: 2F
1-2: Ball
2-2: Ground out 5-3 (Groundball, 56, EV 76.9 MPH)
Batting: RHB Melville Axon 0-0: Called Strike
0-1: Swinging Strike
0-2: Strikes out swinging
Bottom of the 2nd over - 0 runs, 0 hits, 0 errors, 0 left on base; Rockford 0 - Eagle River 0
TOP OF THE 3RD
Rockford Playboys batting - Pitching for Eagle River Fat Boys : LHP Wes Boyle
Batting: RHB Lavan Lehtera 0-0: Ball
1-0: Swinging Strike
1-1: Swinging Strike
1-2: Ball
2-2: Strikes out looking
Batting: SHB Dominick Edison 0-0: Ball
1-0: Ball
2-0: Ball
3-0: Called Strike
3-1: Foul Ball, location: 2F
3-2: Ground out 6-3 (Groundball, 6S, EV 67.5 MPH)
Pitching: RHP Khristian Boudiaf
Batting: RHB Kennedy Mejia 0-0: Ball
1-0: Ball
2-0: Ball
3-0: Base on Balls
Batting: RHB Carter Carbon 0-0: Called Strike
Kennedy Mejia steals 2nd base
0-1: Called Strike
0-2: Strikes out looking
Top of the 3rd over - 0 runs, 0 hits, 0 errors, 1 left on base; Rockford 0 - Eagle River 0
BOTTOM OF THE 3RD
Eagle River Fat Boys batting - Pitching for Rockford Playboys : LHP Jarmal Murtadhy
Batting: LHB Archibald Vasquez 0-0: Called Strike
0-1: SINGLE (Line Drive, 6MD, EV 103.1 MPH)
Batting: SHB Matthew Stambaugh 0-0: Ball
1-0: Called Strike
1-1: SINGLE (Line Drive, 8RS, EV 98.1 MPH)
Archibald Vasquez to second
Batting: RHB Lew Torres 0-0: Ball
1-0: Called Strike
1-1: Fielders Choice at 2nd, 5-4 (Groundball, 56S, EV 88.1 MPH)
Archibald Vasquez to third
Batting: RHB Cody Cox 0-0: Ball
1-0: Ball
2-0: Called Strike
2-1: Ball
3-1: Foul Ball, location: 2F
3-2: Foul Ball, location: 2F
3-2: Foul Ball, location: 2F
3-2: Strikes out swinging
Batting: RHB J.T. Villagran 0-0: Ball
1-0: Swinging Strike
1-1: Foul Ball, location: 2F
1-2: Reached on error, E6 (Groundball, 6D, EV 85.0 MPH)
Archibald Vasquez scores
Lew Torres to second
Batting: SHB Stanford Morris 0-0: Called Strike
0-1: Fielders Choice at 2nd, 6-4 (Groundball, 6, EV 77.5 MPH)
Bottom of the 3rd over - 1 run, 2 hits, 1 error, 2 left on base; Rockford 0 - Eagle River 1
TOP OF THE 4TH
Rockford Playboys batting - Pitching for Eagle River Fat Boys : RHP Khristian Boudiaf
Batting: LHB Skylar Reid 0-0: Ball
1-0: Called Strike
1-1: Foul Ball, location: 2F
1-2: Ball
2-2: Ball
3-2: Foul Ball, location: 2F
3-2: Base on Balls
Batting: LHB Billy Cowger 0-0: Fly out, F7 (Flyball, 7, EV 95.6 MPH)
Batting: LHB Dimitri Mallard 0-0: Ball
1-0: SINGLE (Flyball, 89S, EV 98.8 MPH)
Skylar Reid to second
Batting: SHB Donavan Bonner 0-0: Called Strike
0-1: Ball
1-1: Foul Ball, location: 2F
1-2: Foul Ball, location: 2F
1-2: Strikes out looking
Batting: RHB Edward Cain 0-0: Called Strike
0-1: Foul Ball, location: 2F
0-2: Foul Ball, location: 2F
0-2: Ball
1-2: Ball
2-2: Foul Ball, location: 2F
2-2: Ball
3-2: Fly out, F8 (Flyball, 8LM, EV 89.4 MPH)
Top of the 4th over - 0 runs, 1 hit, 0 errors, 2 left on base; Rockford 0 - Eagle River 1
BOTTOM OF THE 4TH
Eagle River Fat Boys batting - Pitching for Rockford Playboys : LHP Jarmal Murtadhy
Batting: RHB Theo Sposato 0-0: Foul Ball, location: 2F
0-1: Called Strike
0-2: Ball
1-2: Foul Ball, location: 2F
1-2: Ball
2-2: Fly out, F7 (Flyball, 78M, EV 98.1 MPH)
Batting: SHB James Van Doorne 0-0: Called Strike
0-1: Swinging Strike
0-2: Ball
1-2: Fly out, F9 (Flyball, 9LS, EV 92.5 MPH)
Batting: RHB Melville Axon 0-0: Called Strike
0-1: Swinging Strike
0-2: Strikes out looking
Bottom of the 4th over - 0 runs, 0 hits, 0 errors, 0 left on base; Rockford 0 - Eagle River 1
TOP OF THE 5TH
Rockford Playboys batting - Pitching for Eagle River Fat Boys : RHP Khristian Boudiaf
Pitching: LHP Seth Wendel
Batting: RHB Lavan Lehtera 0-0: Called Strike
0-1: Ball
1-1: Ball
2-1: Ball
3-1: Base on Balls
Batting: SHB Dominick Edison 0-0: Ball
1-0: Ball
2-0: Ball
3-0: Called Strike
3-1: Base on Balls
Lavan Lehtera to second
Batting: RHB Kennedy Mejia 0-0: Foul Ball, location: 2F
0-1: Foul Ball, location: 2F
0-2: Strikes out swinging
Batting: RHB Carter Carbon 0-0: Called Strike
0-1: Ball
1-1: Ball
2-1: DOUBLE (Line Drive, 9LS, EV 98.8 MPH)
Lavan Lehtera scores
Dominick Edison to third
Batting: LHB Skylar Reid 0-0: Ball
1-0: Ball
2-0: Foul Ball, location: 2F
2-1: Ball
3-1: Swinging Strike
3-2: Strikes out swinging
Batting: LHB Billy Cowger 0-0: Swinging Strike
0-1: Called Strike
0-2: Strikes out swinging
Top of the 5th over - 1 run, 1 hit, 0 errors, 2 left on base; Rockford 1 - Eagle River 1
BOTTOM OF THE 5TH
Eagle River Fat Boys batting - Pitching for Rockford Playboys : LHP Jarmal Murtadhy
Batting: LHB Archibald Vasquez 0-0: Ball
1-0: Ball
2-0: Foul Ball, location: 2F
2-1: Ball
3-1: Foul Ball, location: 2F
3-2: Strikes out swinging
Batting: SHB Matthew Stambaugh 0-0: SOLO HOME RUN (Flyball, 7LD, EV 92.5 MPH), Distance : 360 ft
Batting: RHB Lew Torres 0-0: Ball
1-0: Called Strike
1-1: Foul Ball, location: 2F
1-2: Foul Ball, location: 2F
1-2: Ball
2-2: Strikes out swinging
Batting: RHB Cody Cox 0-0: Ball
1-0: Ball
2-0: Foul Ball, location: 2F
2-1: SINGLE (Flyball, 9LS, EV 93.1 MPH)
Batting: RHB J.T. Villagran 0-0: Called Strike
0-1: Ball
1-1: Swinging Strike
1-2: Strikes out swinging
Bottom of the 5th over - 1 run, 2 hits, 0 errors, 1 left on base; Rockford 1 - Eagle River 2
TOP OF THE 6TH
Rockford Playboys batting - Pitching for Eagle River Fat Boys : LHP Seth Wendel
Batting: LHB Dimitri Mallard 0-0: Called Strike
0-1: Ball
1-1: Called Strike
1-2: Strikes out swinging
Pitching: RHP Jayden Caldwell
Batting: SHB Donavan Bonner 0-0: Ball
1-0: Foul Ball, location: 2F
1-1: Called Strike
1-2: Strikes out swinging
Batting: RHB Edward Cain 0-0: Called Strike
0-1: Fly out, F7 (Flyball, 7D, EV 103.1 MPH)
Top of the 6th over - 0 runs, 0 hits, 0 errors, 0 left on base; Rockford 1 - Eagle River 2
BOTTOM OF THE 6TH
Eagle River Fat Boys batting - Pitching for Rockford Playboys : LHP Jarmal Murtadhy
Batting: SHB Stanford Morris 0-0: Foul Ball, location: 2F
0-1: Ball
1-1: Called Strike
1-2: Foul Ball, location: 2F
1-2: Ball
2-2: Ball
3-2: Fly out, F8 (Flyball, 8RD, EV 91.9 MPH)
Batting: RHB Theo Sposato 0-0: Called Strike
0-1: Ball
1-1: SINGLE (Line Drive, 4D, EV 101.2 MPH)
Batting: SHB James Van Doorne 0-0: Ball
1-0: Grounds into double play, 3-6-3 (Groundball, 34, EV 75.6 MPH)
Bottom of the 6th over - 0 runs, 1 hit, 0 errors, 0 left on base; Rockford 1 - Eagle River 2
TOP OF THE 7TH
Rockford Playboys batting - Pitching for Eagle River Fat Boys : RHP Jayden Caldwell
Batting: RHB Lavan Lehtera 0-0: Foul Ball, location: 2F
0-1: Ball
1-1: Swinging Strike
1-2: Ball
2-2: Strikes out looking
Batting: SHB Dominick Edison 0-0: Called Strike
0-1: Ball
1-1: Ball
2-1: Ball
3-1: Foul Ball, location: 2F
3-2: Strikes out looking
Batting: RHB Kennedy Mejia 0-0: Called Strike
0-1: Foul Ball, location: 2F
0-2: Strikes out looking
Top of the 7th over - 0 runs, 0 hits, 0 errors, 0 left on base; Rockford 1 - Eagle River 2
BOTTOM OF THE 7TH
Eagle River Fat Boys batting - Pitching for Rockford Playboys : LHP Jarmal Murtadhy
Batting: RHB Melville Axon 0-0: Ground out 6-3 (Groundball, 6MD, EV 81.9 MPH)
Batting: LHB Archibald Vasquez 0-0: Ball
1-0: SINGLE (Flyball, 4D, EV 93.1 MPH)
Batting: SHB Matthew Stambaugh 0-0: Foul Ball, location: 2F
0-1: Foul Ball, location: 2F
0-2: Strikes out looking
Pitching: RHP Derek Curran
Batting: RHB Lew Torres 0-0: Ball
1-0: Fielders Choice at 2nd, 5-4 (Groundball, 56, EV 111.9 MPH)
Bottom of the 7th over - 0 runs, 1 hit, 0 errors, 1 left on base; Rockford 1 - Eagle River 2
TOP OF THE 8TH
Rockford Playboys batting - Pitching for Eagle River Fat Boys : RHP Jayden Caldwell
Batting: RHB Carter Carbon 0-0: Ball
1-0: Called Strike
1-1: Called Strike
1-2: Ball
2-2: SOLO HOME RUN (Flyball, 7LD, EV 92.5 MPH), Distance : 353 ft
Batting: LHB Skylar Reid 0-0: Called Strike
0-1: Ball
1-1: Ball
2-1: Ball
3-1: Base on Balls
Pitching: RHP Hakim Andrus
Batting: LHB Billy Cowger 0-0: Called Strike
0-1: SINGLE (Line Drive, 78S, EV 100.6 MPH)
Skylar Reid to second
Batting: LHB Dimitri Mallard 0-0: Called Strike
0-1: Grounds into double play, 3-6-1 (Groundball, 34S, EV 85.6 MPH)
Skylar Reid to third
Batting: SHB Donavan Bonner 0-0: Foul Ball, location: 2F
0-1: Swinging Strike
0-2: Strikes out swinging
Top of the 8th over - 1 run, 2 hits, 0 errors, 1 left on base; Rockford 2 - Eagle River 2
BOTTOM OF THE 8TH
Eagle River Fat Boys batting - Pitching for Rockford Playboys : RHP Derek Curran
Pitching: RHP Nic Hoon
Batting: RHB Cody Cox 0-0: Swinging Strike
0-1: Ball
1-1: Ball
2-1: Ball
3-1: Called Strike
3-2: Foul Ball, location: 2F
3-2: Foul Ball, location: 2F
3-2: Foul Ball, location: 2F
3-2: Strikes out swinging
Batting: RHB J.T. Villagran 0-0: Ball
1-0: Ball
2-0: Foul Ball, location: 2F
2-1: Foul Ball, location: 2F
2-2: Ball
3-2: Ground out 6-3 (Groundball, 6, EV 101.9 MPH)
Batting: SHB Stanford Morris 0-0: Ball
1-0: Foul Ball, location: 2F
1-1: Foul Ball, location: 2F
1-2: Ball
2-2: SINGLE (Flyball, 3D, EV 92.5 MPH)
Pitching: LHP Kellen LeClair
Batting: RHB Theo Sposato 0-0: Ball
1-0: Foul Ball, location: 2F
1-1: Foul Ball, location: 2F
1-2: Strikes out looking
Bottom of the 8th over - 0 runs, 1 hit, 0 errors, 1 left on base; Rockford 2 - Eagle River 2
TOP OF THE 9TH
Rockford Playboys batting - Pitching for Eagle River Fat Boys : RHP Hakim Andrus
Pitching: RHP Spence Hackney
Batting: RHB Edward Cain 0-0: Ball
1-0: SINGLE (Groundball, 6D, EV 98.1 MPH)
Batting: RHB Lavan Lehtera 0-0: Ball
1-0: Bunted foul
1-1: Sac Bunt to 13S - play at first, batter OUT! 1-3
Edward Cain to second
Batting: SHB Dominick Edison 0-0: Called Strike
0-1: Foul Ball, location: 2F
0-2: Foul Ball, location: 2F
0-2: Ball
1-2: Strikes out swinging
Batting: RHB Kennedy Mejia 0-0: Foul Ball, location: 2F
0-1: Ball
1-1: Called Strike
1-2: Ball
2-2: Strikes out swinging
Top of the 9th over - 0 runs, 1 hit, 0 errors, 1 left on base; Rockford 2 - Eagle River 2
BOTTOM OF THE 9TH
Eagle River Fat Boys batting - Pitching for Rockford Playboys : LHP Kellen LeClair
Batting: SHB James Van Doorne 0-0: Ball
1-0: Ground out 5-3 (Groundball, 56S, EV 85.6 MPH)
Batting: RHB Melville Axon 0-0: Ball
1-0: Called Strike
1-1: Called Strike
1-2: Strikes out looking
Batting: LHB Archibald Vasquez 0-0: Called Strike
0-1: SINGLE (Groundball, 34S, EV 72.5 MPH) (infield hit)
Batting: SHB Matthew Stambaugh 0-0: Called Strike
0-1: Fly out, F9 (Flyball, 9LSF, EV 70.6 MPH)
Bottom of the 9th over - 0 runs, 1 hit, 0 errors, 1 left on base; Rockford 2 - Eagle River 2
TOP OF THE 10TH
Rockford Playboys batting - Pitching for Eagle River Fat Boys : RHP Spence Hackney
Batting: RHB Carter Carbon 0-0: Called Strike
0-1: Ball
1-1: Ball
2-1: Ball
3-1: Foul Ball, location: 2F
3-2: Strikes out swinging
Batting: LHB Skylar Reid 0-0: Called Strike
0-1: Swinging Strike
0-2: Foul Ball, location: 2F
0-2: Foul Ball, location: 2F
0-2: Ball
1-2: Foul Ball, location: 2F
1-2: Strikes out swinging
Batting: LHB Billy Cowger 0-0: Swinging Strike
0-1: Swinging Strike
0-2: Strikes out swinging
Top of the 10th over - 0 runs, 0 hits, 0 errors, 0 left on base; Rockford 2 - Eagle River 2
BOTTOM OF THE 10TH
Eagle River Fat Boys batting - Pitching for Rockford Playboys : LHP Kellen LeClair
Batting: RHB Lew Torres 0-0: Ground out 5-3 (Groundball, 56S, EV 81.9 MPH)
Batting: RHB Cody Cox 0-0: Ground out 5-3 (Groundball, 56S, EV 68.1 MPH)
Batting: RHB J.T. Villagran 0-0: Ball
1-0: Swinging Strike
1-1: Foul Ball, location: 2F
1-2: Ball
2-2: SINGLE (Groundball, 6MS, EV 61.2 MPH) (infield hit)
Batting: SHB Stanford Morris 0-0: Ball
1-0: Ball
2-0: Foul Ball, location: 2F
2-1: Ball
3-1: Foul Ball, location: 2F
3-2: Foul Ball, location: 2F
3-2: Foul Ball, location: 2F
3-2: Fly out, F4 (Popup, 4MD, EV 58.1 MPH)
Bottom of the 10th over - 0 runs, 1 hit, 0 errors, 1 left on base; Rockford 2 - Eagle River 2
TOP OF THE 11TH
Rockford Playboys batting - Pitching for Eagle River Fat Boys : RHP Spence Hackney
Pitching: RHP Tate Horn
Batting: LHB Dimitri Mallard 0-0: Foul Ball, location: 2F
0-1: Ball
1-1: Ball
2-1: Foul Ball, location: 2F
2-2: Ground out 1-3 (Groundball, 13, EV 68.8 MPH)
Batting: SHB Donavan Bonner 0-0: Ground out U3 (Groundball, 3L, EV 90.0 MPH)
Batting: RHB Edward Cain 0-0: Called Strike
0-1: Ball
1-1: Ball
2-1: Foul Ball, location: 2F
2-2: Foul Ball, location: 2F
2-2: Ball
3-2: Foul Ball, location: 2F
3-2: Base on Balls
Batting: RHB Lavan Lehtera 0-0: Called Strike
0-1: Swinging Strike
0-2: Ball
1-2: Ball
2-2: SINGLE (Line Drive, 8LS, EV 103.8 MPH)
Edward Cain to second
Runner from 2nd tries for 3rd, SAFE, throw by CF made to third
Batting: SHB Dominick Edison 0-0: Ball
1-0: Ball
2-0: Ball
3-0: Base on Balls
Lavan Lehtera to second
Batting: RHB Kennedy Mejia 0-0: Swinging Strike
0-1: Ball
1-1: Foul Ball, location: 2F
1-2: Ball
2-2: Ball
3-2: Foul Ball, location: 2F
3-2: Base on Balls
Edward Cain scores
Lavan Lehtera to third
Dominick Edison to second
Pitching: RHP Danny Boone
Batting: RHB Carter Carbon 0-0: Foul Ball, location: 2F
0-1: Ball
1-1: Ball
2-1: Swinging Strike
2-2: Foul Ball, location: 2F
2-2: Strikes out swinging
Top of the 11th over - 1 run, 1 hit, 0 errors, 3 left on base; Rockford 3 - Eagle River 2
BOTTOM OF THE 11TH
Eagle River Fat Boys batting - Pitching for Rockford Playboys : LHP Kellen LeClair
Batting: RHB Theo Sposato 0-0: Ball
1-0: Fly out, F9 (Flyball, 9D, EV 103.8 MPH)
Batting: SHB James Van Doorne 0-0: Ball
1-0: Swinging Strike
1-1: Foul Ball, location: 2F
1-2: Strikes out swinging
Batting: RHB Melville Axon 0-0: Ball
1-0: Fly out, F8 (Flyball, 78M, EV 73.1 MPH)
Bottom of the 11th over - 0 runs, 0 hits, 0 errors, 0 left on base; Rockford 3 - Eagle River 2
Sunday, May 5th , 2024 - OOTP Baseball 23.10 Build 110